 Dungeon Crawl Stone Soup version 0.14.0-12-g87ee3b7 (webtiles) character file.

845 Alteisentier the Covert (level 7, -1/62 HPs)
             Began as a Naga Chaos Knight on Apr 15, 2014.
             Was a Plaything of Xom.
             Slain by a slave (7 damage)
             ... led by Pikel
             ... on Level 4 of the Dungeon.
             The game lasted 00:19:19 (3664 turns).

Alteisentier the Covert (Naga Chaos Knight)         Turns: 3664, Time: 00:19:19

HP  -1/62        AC 12     Str 14      XL: 7   Next: 65%
MP   7/7         EV  9     Int 12      God: Xom
Gold 146         SH  0     Dex 10      Spells:  0 memorised,  6 levels left

rFire  . . .     SeeInvis +     a - +2 short sword (freeze)
rCold  . . .     Clarity  .     b - +2 leather armour
rNeg   . . .     Conserve .     (no shield)
rPois  +         rCorr    .     (no helmet)
rElec  .         rRot     .     A - +0 cloak
SustAb . .       Spirit   .     k - +0 pair of gloves
rMut   +         Warding  .     (no barding)
Saprov . . .     Stasis   .     q - amulet of resist mutation {unknown}
MR     .....                    (no ring)
                                o - ring of sustenance

@: very slow, not resistant to hostile enchantments, very stealthy
A: spit poison, rough black scales 1, see invisible, deformed body, sense
surroundings 1, poison resistance, slowness 2, weak 1, AC +2
a: Spit Poison, Renounce Religion


You were on level 4 of the Dungeon.
You worshipped Xom.
You were a very special plaything of Xom.
You were hungry.

You visited 1 branch of the dungeon, and saw 5 of its levels.

You collected 146 gold pieces.

Inventory:

Hand weapons
 a - a +2,+2 short sword of freezing (weapon)
Armour
 b - a +2 leather armour (worn)
 k - a +0 pair of gloves (worn)
 A - a +0 cloak (worn)
Magical devices
 r - a wand of random effects (12)
 B - a wand of digging (7)
Comestibles
 c - a bread ration
 f - 2 meat rations
 g - 26 grapes
 n - an apricot
 p - a choko
 z - 7 sultanas
Scrolls
 d - a scroll of fear {unknown}
 j - a scroll of immolation {unknown}
 m - 2 scrolls of remove curse {unknown}
 s - 2 scrolls of teleportation {unknown}
 u - a scroll of amnesia {unknown}
 y - a scroll of enchant armour {unknown}
 E - a scroll of identify {unknown}
 F - 2 scrolls of fog {unknown}
 G - a scroll of magic mapping {unknown}
Jewellery
 o - a ring of sustenance (left hand)
 q - an amulet of resist mutation (around neck) {unknown}
Potions
 e - a potion of confusion
 h - a potion of restore abilities {unknown}
 i - 3 potions of curing
 l - a potion of might {unknown}
 t - a potion of lignification {unknown}
 x - a potion of degeneration {unknown}
 C - 2 potions of heal wounds
Books
 v - a book of Changes

   Spells                             Type                      Level
   Beastly Appendage                  Transmutation                1
   Sticks to Snakes                   Transmutation                2
   Spider Form                        Transmutation/Poison         3
   Ice Form                           Ice/Transmutation            4
   Blade Hands                        Transmutation                5
 w - a book of Battle

   Spells                             Type                      Level
   Infusion                           Charms                       1
   Shroud of Golubria                 Charms/Translocation         2
   Song of Slaying                    Charms                       2
   Spectral Weapon                    Hexes/Charms                 3
   Regeneration                       Charms/Necromancy            3
 D - a book of Frost

   Spells                             Type                      Level
   Freeze                             Ice                          1
   Throw Frost                        Conjuration/Ice              2
   Ozocubu's Armour                   Charms/Ice                   3
   Throw Icicle                       Conjuration/Ice              4
   Summon Ice Beast                   Ice/Summoning                4
   Condensation Shield                Ice                          4


   Skills:
 - Level 3.4 Fighting
   Level 6.3 Long Blades
 - Level 1.7 Armour
 - Level 1.0 Dodging
 + Level 8.4 Stealth


You had 6 spell levels left.
You didn't know any spells.

Dungeon Overview and Level Annotations

Branches:
Dungeon (5/15)
 Temple: D:4-7

Altars:
Ashenzari
Fedhas
Okawaru
Yredelemnul
The Shining One

Annotations:
D:5 Pikel


Innate Abilities, Weirdness & Mutations

You cannot wear boots.
You can spit poison.
Your serpentine skin is tough (AC +2).
You have supernaturally acute eyesight.
Armour fits poorly on your strangely shaped body.
Your system is resistant to poisons.
You cover ground very slowly.
You are partially covered in rough black scales (AC +4, Dex -1).
You passively map a small area around you.
You are weak. (Str -2)


Message History

The slave hits you but does no damage. The slave closely misses you.
You barely miss the slave.
The slave is heavily wounded. "This might be better!"
The slave suddenly seems more agile.
The slave hits you but does no damage. The slave hits you.
* * * LOW HITPOINT WARNING * * *
The slave hits you.
* * * LOW HITPOINT WARNING * * *
You hit the slave but do no damage.
The slave is heavily wounded. "Fight to survive, mortal."
The slave hits you.
* * * LOW HITPOINT WARNING * * *
The slave hits you but does no damage. The bat barely misses you.
The slave hits you but does no damage. The bat hits you but does no damage.
The slave barely misses you. The slave hits you!
You die...
Xom thinks this is hilarious!

..#
#...................#
..#
#...................#
..#
#............######.#
..# #............#
#.# ..#
#............# #.#
..# #............#
#.# ..#
#.########...# #.#
..# #.# #...# #.# ..#
#.# #.@.# #.# ..# #.#
#a@@# #.# ..# #.#
#..b# #.# ..# #.#
#...# #.# ..# #.#
#.>.# #.# ..# #.#
#...# #.# ..# #.#
#...# #.# ..# #.#
#...# #.# ..# #.#
#...# #.#


You could see 2 slaves, a worker ant and a bat.

Vanquished Creatures
  Grinder (D:3)
  A giant frog (D:4)
  A killer bee (D:2)
  An orc wizard (D:3)
  Crazy Yiuf (D:5)
  An iron imp (D:3)
  A worker ant (D:4)
  8 adders
  A shadow imp (D:3)
  A white imp (D:3)
  A worm (D:4)
  An adder skeleton (D:4)
  An orc skeleton (D:4)
  A giant eyeball (D:4)
  4 giant geckos
  3 orcs
  9 bats
  A bat skeleton (D:4)
  6 goblins
  7 hobgoblins
  4 kobolds
  5 quokkas
  3 ball pythons
  2 giant cockroaches (D:1)
  4 giant newts
  7 rats
  A fungus (D:5)
77 creatures vanquished.

Vanquished Creatures (collateral kills)
  Eustachio (D:4)
  A hobgoblin (D:4)
2 creatures vanquished.

Vanquished Creatures (others)
  An adder (D:3)
  A quokka zombie (D:2)
2 creatures vanquished.

Grand Total: 81 creatures vanquished

Notes
Turn   | Place    | Note
--------------------------------------------------------------
     0 | D:1      | Alteisentier, the Naga Chaos Knight, began the quest for the Orb.
     0 | D:1      | Reached XP level 1. HP: 21/21 MP: 1/1
   137 | D:1      | XOM: divination: detect items
   187 | D:1      | Reached XP level 2. HP: 22/28 MP: 2/2
   305 | D:1      | XOM: harmless Pois miscast
   512 | D:1      | Reached skill level 1 in Dodging
   726 | D:2      | Reached XP level 3. HP: 21/34 MP: 3/3
   889 | D:2      | Noticed a killer bee
   895 | D:2      | XOM: cast spell 'Blink'
   901 | D:2      | Killed a killer bee
   901 | D:2      | Reached skill level 4 in Long Blades
   901 | D:2      | Reached XP level 4. HP: 27/42 MP: 4/4
   962 | D:2      | XOM: 6-stop teleportation journey
  1136 | D:2      | XOM: 1-stop teleportation journey
  1246 | D:3      | Noticed Grinder
  1249 | D:3      | Paralysed by Grinder for 7 turns
  1252 | D:3      | XOM: polymorph giant newt -> kobold
  1253 | D:3      | XOM: confuse monster(s)
  1257 | D:3      | XOM: potion effect (agility)
  1271 | D:3      | XOM: cast spell 'Confusing Touch'
  1276 | D:3      | Killed Grinder
  1276 | D:3      | Reached skill level 5 in Long Blades
  1276 | D:3      | Reached skill level 6 in Stealth
  1276 | D:3      | Reached XP level 5. HP: 22/49 MP: 5/5
  1276 | D:3      | Reached XP level 6. HP: 25/56 MP: 6/6
  1431 | D:3      | XOM: harmless Summ miscast
  1552 | D:3      | XOM: medium Summ miscast
  1807 | D:3      | Found an iron altar of Okawaru.
  1908 | D:3      | XOM: medium Erth miscast
  2342 | D:4      | Noticed Eustachio
  2362 | D:4      | Paralysed by a giant eyeball for 2 turns
  2368 | D:4      | Paralysed by a giant eyeball for 4 turns
  2386 | D:4      | Killed Eustachio
  2386 | D:4      | Reached skill level 7 in Stealth
  2386 | D:4      | Reached XP level 7. HP: 39/62 MP: 7/7
  2455 | D:4      | XOM: colour smoke trail
  2790 | D:4      | XOM: repel stairs
  2848 | D:4      | Found a glowing golden altar of the Shining One.
  2902 | D:4      | XOM: harmless Summ miscast
  2907 | D:4      | Reached skill level 8 in Stealth
  3003 | D:4      | Found a blossoming altar of Fedhas.
  3004 | D:4      | Found a basalt altar of Yredelemnul.
  3008 | D:4      | Found a shattered altar of Ashenzari.
  3174 | D:4      | XOM: stat loss: -1 Str (15/16)
  3262 | D:5      | Entered Level 5 of the Dungeon
  3284 | D:5      | XOM: noise
  3286 | D:5      | Noticed Crazy Yiuf
  3293 | D:5      | Killed Crazy Yiuf
  3486 | D:5      | XOM: give mutations
  3486 | D:5      | Gained mutation: You are partially covered in rough black scales (AC +4, Dex -1). [Xom's mischief]
  3486 | D:5      | Gained mutation: You passively map a small area around you. [Xom's mischief]
  3486 | D:5      | Gained mutation: You are weak. (Str -2) [Xom's mischief]
  3621 | D:5      | XOM: mild Erth miscast
  3629 | D:5      | Noticed Pikel
  3630 | D:5      | XOM: swap weapons
  3660 | D:4      | XOM: enchant monster (bad)
  3661 | D:4      | XOM: summons 2 hostile shadow creatures
  3664 | D:4      | Slain by a slave

Action                   |  1- 3 |  4- 6 |  7- 9 || total
-------------------------+-------+-------+-------++-------
Melee: Falchion          |    77 |   149 |    66 ||   292
       Short sword       |       |       |    19 ||    19
 Abil: Spit Poison       |     1 |     4 |       ||     5
Evoke: Wand              |       |     2 |     1 ||     3
  Use: Potion            |     4 |       |       ||     4
 Stab: Confused          |     1 |     6 |     2 ||     9
       Sleeping          |       |     4 |     3 ||     7
       Petrifying        |       |     2 |       ||     2
       Paralysed         |       |     2 |       ||     2
       Petrified         |       |     1 |       ||     1
